 Dungeon Crawl Stone Soup version 0.31-a0-210-gccc998df9b (webtiles) character file.

Game seed: 13649812798425962699

37 qw the Chopper (level 3, -3/23 HPs)
             Began as a Gargoyle Fighter on June 29, 2023.
             Slain by a goblin
             ... wielding a +0 dagger
             ... led by Robin
              (5 damage)
             ... on level 2 of the Dungeon.
             The game lasted 00:00:31 (993 turns).

qw the Chopper (Gargoyle Fighter)                    Turns: 993, Time: 00:00:32

Health: -3/23      AC: 12    Str: 21    XL:     3   Next: 41%
Magic:  3/3        EV:  9    Int:  8    God:
Gold:   81         SH:  4    Dex:  9    Spells: 2/2 levels left

rFire   . . .        Y - +0 war axe
rCold   . . .        c - +0 buckler
rNeg    + . .        b - +0 scale mail
rPois   inf          (no helmet)
rElec   +            l - +0 cloak
rCorr   .            g - +0 pair of gloves
SInv    .            (no boots)
Will    .....        (no amulet) Stlth
                     (no ring)
HPRegen 0.23/turn    (no ring)
MPRegen 0.08/turn

%: no passive effects
@: no status effects
A: sickness immunity, AC +3, negative energy resistance 1, electricity
resistance, torment resistance 1, petrification resistance
a: no special abilities


You were on level 2 of the Dungeon.
You visited 1 branch of the dungeon, and saw 2 of its levels.

You collected 81 gold pieces.


Innate Abilities, Weirdness & Mutations

You are immune to sickness and miasma.
Your stone body is resilient. (AC +3)
You are immune to poison.
You resist negative energy. (rN+)
You are resistant to electric shocks. (rElec)
You are resistant to unholy torment.
You are immune to petrification.


   Skills:
 - Level 3.2 Fighting
 + Level 3.4 Axes
 - Level 3.2 Armour
 - Level 3.2 Shields


You had 2 spell levels left.
You didn't know any spells.
Your spell library was empty.

Inventory:

Hand Weapons
 i - a +0 whip
 Y - a +0 war axe (weapon)
Armour
 b - a +0 scale mail (worn)
 c - a +0 buckler (worn)
 e - a +0 chain mail
 g - a +0 pair of gloves (worn)
 l - a +0 cloak (worn)
Scrolls
 a - 3 scrolls of identify
Potions
 d - a potion of might
 f - a potion of curing
 k - a potion of attraction
 m - a potion of berserk rage {unknown}

Dungeon Overview and Level Annotations

Branches:
Dungeon (2/15)

Altars:

Shops:
D:2 (

Annotations:
D:2 Robin


Message History

You closely miss the goblin.
The goblin is heavily wounded.
You miss the bat.
The bat hits you but does no damage. x2; The bat closely misses you.
The goblin closely misses you.
You closely miss the goblin.
The goblin is heavily wounded.
You barely miss the bat. You block the bat's attack. The bat barely misses you.
The goblin hits you with a +0 dagger. The bat hits you but does no damage.
Robin says, "A pitiful Gargoyle like you will never find the ORB!"
The goblin barely misses you.
You closely miss the goblin.
The goblin is heavily wounded.
You closely miss the bat.
The bat hits you but does no damage. x2; The goblin hits you but does no damage.
You barely miss the goblin.
The goblin is heavily wounded.
You barely miss the bat.
The hobgoblin no longer looks unusually strong.
The bat hits you but does no damage. You block the goblin's attack.
You block the bat's attack. The goblin hits you with a +0 dagger.
You barely miss the goblin.
The goblin is heavily wounded.
You closely miss the bat.
The goblin no longer looks unusually strong.
The bat misses you. The bat completely misses you.
The goblin hits you with a +0 dagger.
You closely miss the goblin.
The goblin is heavily wounded.
You hit the bat but do no damage. The bat hits you but does no damage.
The bat misses you. The goblin hits you with a +0 dagger.
You closely miss the goblin.
The goblin is heavily wounded.
You closely miss the bat.
The goblin no longer looks unusually strong.
The bat barely misses you. The bat hits you.
The goblin hits you with a +0 dagger.
You die...

###..##...######%#####
......................
.######..#########.####
..>..........>.....#
#######.....######..#
#..###.# #...## #.## .#
##...# #.# . #.#.# #@#
. #.#.#


#gggb# .. #.... ..).gggg# .. ##... ......gg# ... ##... ........# ....#....
###...... ......#.. ..##.## ..(...... .## #. .#####... #....... You could see
Robin, 4 hobgoblins, 4 goblins and a bat.

Vanquished Creatures
  3 dart slugs
  2 endoplasms
  A giant cockroach (D:1)
  3 goblins
  4 hobgoblins
  5 jackals (D:1)
  2 kobolds (D:2)
  2 quokkas (D:1)
  A ball python (D:1)
  2 bats
  A frilled lizard (D:2)
  2 rats (D:1)
28 creatures vanquished.

Notes
Turn   | Place    | Note
-------+----------+-------------------------------------------
     0 | D:1      | qw the Gargoyle Fighter began the quest for the Orb.
     0 | D:1      | Reached XP level 1. HP: 14/14 MP: 1/1
     0 | D:1      | 0 ||| qw: Version: 0.3-a-24-ga2abf7b
     0 | D:1      | 0 ||| qw: Game counter: 6820
     0 | D:1      | 0 ||| qw: Melee chars always use a shield: true
     0 | D:1      | 0 ||| qw: God list: Okawaru
     0 | D:1      | 0 ||| qw: Allow faded altars: false
     0 | D:1      | 0 ||| qw: Do Orc after clearing Dungeon:15 true
     0 | D:1      | 0 ||| qw: Do second Lair branch before Depths: true
     0 | D:1      | 0 ||| qw: Lair rune preference: random
     0 | D:1      | 0 ||| qw: Goals: Normal, Zot:1-4, Slime:5, God:TSO, Crypt,
                  | Tomb, Abyss, Pan, Hells, Win
     0 | D:1      | 0 ||| PLANNING D:1-11
   166 | D:1      | Reached XP level 2. HP: 19/19 MP: 2/2
   210 | D:1      | 210 ||| FLEEEEING.
   225 | D:1      | 225 ||| Stepping ~*~*~tactically~*~*~ (hiding).
   232 | D:1      | 232 ||| Stepping ~*~*~tactically~*~*~ (hiding).
   575 | D:1      | Reached skill level 3 in Axes
   665 | D:1      | Found a faded altar of an unknown god.
   734 | D:1      | 734 ||| UPGRADING to +0 pair of gloves.
   739 | D:1      | 739 ||| UPGRADING to +0 cloak.
   744 | D:1      | 744 ||| DROPPING +6 ring of intelligence.
   745 | D:1      | 745 ||| READING 3 scrolls labelled FUPROI RYXEX.
   746 | D:1      | 746 ||| READING scroll labelled GIUPSAWUGU.
   747 | D:1      | 747 ||| DRINKING 2 pink potions.
   748 | D:1      | 748 ||| READING 2 scrolls of identify.
   748 | D:1      | 748 ||| IDENTIFYING silvery potion
   788 | D:2      | Found Lukhliozy's Weapon Boutique.
   792 | D:2      | Reached XP level 3. HP: 20/23 MP: 3/3
   980 | D:2      | Noticed Robin
   992 | D:2      | HP: 3/23 [goblin/+0 dagger[Robin] (3)]
   993 | D:2      | Slain by a goblin

Levels and vault maps discovered:
D:1:      minmay_arrival_stone_box, layout_basic,
          chequers_ecumenical_altar_simple, minmay_indecisive_spiral
D:2:      layout_rooms, serial_shops, shop_statue, uniq_robin

Skill      XL: |  1  2 |
---------------+-------+-----
Axes           | 2 3 |  3.4
Fighting       | |  3.2
Armour         | |  3.2
Shields        | |  3.2

Action                     || total
---------------------------++-------
  Melee: War axe           ||    76
    Use: Scroll            ||     3
         Potion            ||     1
 Armour: Scale mail        ||    46
  Dodge: Dodged            ||    50
  Block: Buckler           ||    21

Table legend:
 A = Non-vault XP
 B = Vault XP
 C = Vault XP percentage of total XP
 D = Non-vault monster count
 E = Vault monster count
 F = Vault count percentage of total count
                 A         B        C        D         E       F
            +---------+---------+-------+---------+---------+-------
      Total |      43 |      11 |  20.4 |      22 |       6 |  21.4
            +---------+---------+-------+---------+---------+-------
        D:1 |      24 |       7 |  22.6 |      13 |       4 |  23.5
        D:2 |      19 |       4 |  17.4 |       9 |       2 |  18.2
            +---------+---------+-------+---------+---------+-------
